 Dungeon Crawl Stone Soup version 0.30-a0-279-g4b46babb21 (webtiles) character file.

Game seed: 17955441370126660010

5644 Monkooky the Grappler (level 10, -2/79 HPs)
             Began as a Demonspawn Gladiator on Oct 15, 2022.
             Was an Elder of Fedhas.
             Slain by a sixfirhy (5 damage)
             ... summoned by a kobold demonologist
             ... in a bailey on Oct 16, 2022.
             The game lasted 00:23:23 (7442 turns).

Monkooky the Grappler (Demonspawn Gladiator)        Turns: 7442, Time: 00:23:23

Health: -2/79      AC: 10    Str: 19    XL:     10   Next: 46%
Magic:  15/16      EV: 11    Int:  9    God:    Fedhas [****..]
Gold:   449        SH:  5    Dex: 15    Spells: 9/9 levels left

rFire   . . .      SeeInvis .      - Unarmed
rCold   + . .      Faith    +    u - +2 buckler
rNeg    . . .      Spirit   .    f - +0 ring mail
rPois   .          Reflect  .    (helmet restricted)
rElec   .          Harm     .    d - +2 cloak {rCorr}
rCorr   +          Rampage  .    (no gloves)
Will    +....                    y - +0 pair of boots
Stlth   +.........               n - amulet of faith
HPRegen 0.33/turn                c - ring of protection from cold
MPRegen 0.15/turn                G - ring of willpower

@: no status effects
A: antennae 2, claws 1, hooves 1, powered by death 1
a: Renounce Religion, Wall of Briars, Grow Ballistomycete, Overgrow


You were in a bailey.
You worshipped Fedhas.
Fedhas was greatly pleased with you.
You visited 1 branch of the dungeon, and saw 8 of its levels.
You also visited: Bailey.

You collected 449 gold pieces.

Inventory:

Hand Weapons
 a - a +4 quarterstaff
Missiles
 A - a javelin (quivered)
Armour
 d - a +2 cloak of preservation (worn)
 f - a +0 ring mail (worn)
 u - a +2 buckler (worn)
 y - a +0 pair of boots (worn)
Magical Staves
 m - a staff of conjuration
Jewellery
 c - a ring of protection from cold (left claw)
 n - an amulet of faith (around neck)
 F - a ring of see invisible
 G - a ring of willpower (right claw)
Wands
 x - a wand of digging (6)
Scrolls
 i - 2 scrolls of teleportation
 j - a scroll of blinking
 k - 2 scrolls of amnesia
 o - 2 scrolls of immolation
 q - a scroll of vulnerability {unknown}
 s - a scroll of fog {unknown}
 v - a scroll of magic mapping
 w - a scroll of brand weapon {unknown}
 B - a scroll of acquirement
 D - a scroll of fear {unknown}
 H - a scroll of enchant weapon
Potions
 e - a potion of flight
 g - a potion of berserk rage
 h - a potion of haste
 l - 3 potions of brilliance {unknown}
 p - a potion of magic
 r - 3 potions of attraction
 t - 2 potions of might
 z - a potion of ambrosia
 E - a potion of heal wounds {unknown}


   Skills:
 - Level 7.0 Fighting
 - Level 2.7 Staves
 - Level 1.8 Throwing
 - Level 3.9 Armour
 - Level 2.7 Dodging
 + Level 10.5 Unarmed Combat
 - Level 9.1 Invocations


You had 9 spell levels left.
You didn't know any spells.
Your spell library contained the following spells:

 Spells                   Type           Power      Damage    Failure   Level
 Blink                    Tloc           0%         N/A       80%         2
 Momentum Strike          Conj/Tloc      0%         3d8       80%         2
 Passwall                 Tmut/Erth      0%         N/A       80%         2
 Frozen Ramparts          Ice            0%         1d1       95%         3
 Ignite Poison            Fire/Tmut/Pois 0%         N/A       95%         3
 Kindle Blastsparks       Fire/Tloc/Air  0%         2d10      95%         3
 Lesser Beckoning         Tloc           0%         N/A       95%         3
 Stone Arrow              Conj/Erth      0%         3d7       95%         3
 Ice Form                 Ice/Tmut       0%         N/A       100%        4
 Summon Ice Beast         Ice/Summ       0%         N/A       100%        4
 Borgnjor's Vile Clutch   Necr/Erth      0%         N/A       100%        5
 Freezing Cloud           Conj/Ice/Air   0%         6-21      100%        5


Dungeon Overview and Level Annotations

Branches:
Dungeon (8/15)             Bailey (1/1)
 Temple: D:4-7         Lair: D:8-11

Altars:
Cheibriados
Fedhas
Gozag
Hepliaklqana
Okawaru
Ru
Trog
Wu Jian
Yredelemnul

Shops:
D:6 (

Annotations:
D:3 exclusion: downstairs
D:7 1 runed translucent door, Crazy Yiuf


Innate Abilities, Weirdness & Mutations

You have a pair of antennae on your head.
You have sharp fingernails.
You have large cloven feet.
You regenerate a little health from kills.


Message History

The kobold demonologist is almost dead.
The kobold demonologist casts a spell.
The chaos spawn gores you.
You are poisoned.
The chaos spawn poisons you!
Unknown command.
You barely miss the kobold demonologist.
The kobold demonologist is almost dead.
You feel very sick.
The kobold demonologist closely misses you.
The chaos spawn barely misses you.
You completely miss the kobold demonologist.
The kobold demonologist is almost dead.
You feel very sick.
The kobold demonologist hits you with a +0 battleaxe.
The chaos spawn gores you.
You are more poisoned.
The chaos spawn poisons you!
Unknown command.
You completely miss the kobold demonologist.
The kobold demonologist is almost dead.
You feel very sick.
The kobold demonologist completely misses you.
Unknown command.
You completely miss the kobold demonologist.
The kobold demonologist is almost dead.
You feel very sick. The sixfirhy hits you. The sixfirhy shocks you!
* * * LOW HITPOINT WARNING * * *
Unknown command.
You feel better. You block the sixfirhy's attack.
The sixfirhy closely misses you. The sixfirhy hits you.
* * * LOW HITPOINT WARNING * * *
The sixfirhy shocks you!
* * * LOW HITPOINT WARNING * * *
The kobold demonologist hits you with a +0 battleaxe.
* * * LOW HITPOINT WARNING * * *
The sixfirhy hits you.
You die...
Fedhas appreciates your contribution to the ecosystem.

≈≈≈≈≈≈≈≈≈≈.))≈≈≈≈≈≈≈≈≈≈
≈≈≈≈≈≈≈≈≈≈)..≈≈≈≈≈≈≈≈≈≈
≈≈≈≈≈≈≈≈≈≈...≈≈≈S≈≈≈≈≈≈
≈≈≈≈≈≈≈≈≈≈.P.≈≈{≈≈≈≈≈≈≈
######~~~).).~~~~######
#...........#
#####'''#####
#..'.....'..#
#..'.....@34#
#..#..⌠..#K.####
.....#.....#.....#
#.8.. #.....#...8.#
#.... #######..)).#
#.8# ####8.# #.. #..#
#8.# #..#.~≈≈≈≈≈≈


You could see a kobold demonologist (ally target), a sixfirhy (summoned), a
chaos spawn (summoned) and a friendly ballistomycete (summoned).

Vanquished Creatures
  Pikel (D:5)
  3 orc knights (Bailey)
  A kobold demonologist (Bailey)
  A wyvern (D:7)
  A steam dragon (D:7)
  A water moccasin (D:5)
  3 black bears
  An ogre (D:5)
  4 orc warriors (Bailey)
  2 centaurs (D:5)
  A phantom (D:6)
  5 kobold brigands
  3 bullfrogs (D:7)
  2 necrophages
  5 scorpions
  4 wights
  An electric eel (Bailey)
  A howler monkey (D:8)
  3 jellies
  3 orc priests
  3 hounds (D:5)
  3 iguanas
  2 orc wizards
  Ijyb (D:5)
  Robin (D:4)
  12 adders
  2 gnolls (Bailey)
  2 shadow imps
  A white imp (D:6)
  An ufetubus (D:3)
  3 worms
  2 dart slugs (D:3)
  27 orcs
  5 ball pythons
  3 bats
  5 endoplasms
  6 giant cockroaches
  14 goblins
  12 hobgoblins
  3 quokkas
  7 frilled lizards
  20 kobolds
  2 rats
183 creatures vanquished.

Vanquished Creatures (collateral kills)
  Duvessa (D:4)
  A black bear (D:6)
  An ogre (D:5)
  Dowan (D:4)
  2 goblins (Bailey)
  21 ballistomycete spores
27 creatures vanquished.

Vanquished Creatures (others)
  A kobold (D:7)
  3 ballistomycete spores (Bailey)
4 creatures vanquished.

Grand Total: 214 creatures vanquished

Notes
Turn   | Place    | Note
-------+----------+-------------------------------------------
     0 | D:1      | Monkooky the Demonspawn Gladiator began the quest for the
                  | Orb.
     0 | D:1      | Reached XP level 1. HP: 16/16 MP: 1/1
   253 | D:1      | Discovered your monstrous ancestry.
   253 | D:1      | Gained mutation: You have large cloven feet. [demonic
                  | ancestry]
   253 | D:1      | Reached XP level 2. HP: 20/23 MP: 2/2
   315 | D:1      | Reached skill level 1 in Unarmed Combat
   825 | D:2      | Reached XP level 3. HP: 25/28 MP: 3/3
   868 | D:2      | Reached skill level 2 in Unarmed Combat
  1058 | D:2      | Upgraded the game from 0.30-a0-272-gf98c3da03f to
                  | 0.30-a0-279-g4b46babb21
  1212 | D:2      | Gained mutation: You have sharp fingernails. [demonic
                  | ancestry]
  1212 | D:2      | Reached XP level 4. HP: 34/34 MP: 4/4
  1598 | D:3      | Found a hazy altar of Hepliaklqana.
  1627 | D:3      | Reached skill level 3 in Unarmed Combat
  1703 | D:3      | Found an iron altar of Okawaru.
  2079 | D:3      | Found a faded altar of an unknown god.
  2083 | D:3      | Found a sacrificial altar of Ru.
  2088 | D:3      | Prayed at the altar of an unknown god.
  2088 | D:3      | Became a worshipper of Fedhas Madash
  2088 | D:3      | Reached * piety under Fedhas
  2349 | D:3      | Identified a scroll of acquirement
  2350 | D:3      | Acquired a +2 cloak of preservation
  2364 | D:4      | Noticed Dowan
  2496 | D:4      | Reached skill level 4 in Unarmed Combat
  2496 | D:4      | Gained mutation: You regenerate a little health from kills.
                  | [demonic ancestry]
  2496 | D:4      | Reached XP level 5. HP: 34/39 MP: 5/5
  2652 | D:4      | Reached ** piety under Fedhas
  2838 | D:4      | Reached skill level 5 in Unarmed Combat
  2838 | D:4      | Reached XP level 6. HP: 15/46 MP: 6/6
  2991 | D:4      | Found a basalt altar of Yredelemnul.
  3039 | D:4      | Noticed Robin
  3341 | D:4      | Killed Robin
  3403 | D:4      | Noticed Duvessa
  3419 | D:4      | Killed Duvessa
  3439 | D:4      | Killed Dowan
  4001 | D:5      | Entered Level 5 of the Dungeon
  4058 | D:5      | Noticed Pikel
  4079 | D:5      | Killed Pikel
  4080 | D:5      | Gained mutation: You have a pair of small antennae on your
                  | head. [demonic ancestry]
  4080 | D:5      | Reached XP level 7. HP: 34/51 MP: 6/12
  4216 | D:5      | Reached XP level 8. HP: 32/57 MP: 13/13
  4700 | D:5      | Got the Compilation of the Rocks
  4713 | D:5      | Noticed Ijyb
  4722 | D:5      | Reached skill level 6 in Unarmed Combat
  4846 | D:5      | Killed Ijyb
  5112 | D:5      | Reached skill level 7 in Unarmed Combat
  5194 | D:5      | Reached *** piety under Fedhas
  5206 | D:5      | Reached skill level 8 in Unarmed Combat
  5272 | D:5      | Gained mutation: You have a pair of antennae on your head.
                  | [demonic ancestry]
  5272 | D:5      | Reached XP level 9. HP: 56/62 MP: 14/14
  5625 | D:6      | Found a snail-covered altar of Cheibriados.
  5679 | D:6      | Found a bloodstained altar of Trog.
  6210 | D:6      | Found Taicuig's Weapon Shop.
  6362 | D:7      | Reached skill level 5 in Fighting
  6526 | D:7      | Found an ornate altar of the Wu Jian Council.
  6533 | D:7      | Reached **** piety under Fedhas
  6689 | D:7      | Found an opulent altar of Gozag.
  6812 | D:7      | Found a runed translucent door.
  6813 | D:7      | Noticed Crazy Yiuf
  7116 | D:8      | Found a flagged portal.
  7160 | Bailey   | Entered a bailey
  7189 | Bailey   | Noticed an orc knight
  7210 | Bailey   | Killed an orc knight
  7211 | Bailey   | Reached XP level 10. HP: 79/79 MP: 10/16
  7213 | Bailey   | Noticed an orc knight
  7216 | Bailey   | Reached skill level 9 in Unarmed Combat
  7225 | Bailey   | Killed an orc knight
  7305 | Bailey   | Noticed an orc knight
  7320 | Bailey   | Killed an orc knight
  7321 | Bailey   | Reached skill level 10 in Unarmed Combat
  7438 | Bailey   | Noticed a sixfirhy
  7442 | Bailey   | HP: 3/79 [kobold demonologist/+0 battleaxe (4)]
  7442 | Bailey   | Slain by a sixfirhy

Illustrated notes

Levels and vault maps discovered:
D:1:      dpeg_arrival_brainrot, layout_loops_ring
D:2:      layout_rooms, moated_statue, minmay_misc_feat_more_columns
D:3:      layout_basic, nicolae_overflow_ecumenical_swirl, lemuel_crystal_altar,
          nicolae_overflow_hidden_temple
D:4:      layout_cave_pods, lemuel_crystal_altar, uniq_duvessa, uniq_robin
D:5:      minmay_chambers_of_threes, layout_basic, uniq_ijyb, uniq_pikel
D:6:      layout_basic, trog_ov_bears_minmay, jmf_multi_god_temple,
          serial_shops, nicolae_lakefront_shop, st_stairs_9
D:7:      layout_gridville, pdpol_temple_overflow_zin_treasury_gozag_greed,
          nzn_wu_jian_council_hall, minmay_temple_entry_poolview,
          uniq_crazy_yiuf_cottage
D:8:      layout_basic, grunt_temple_overflow_lords_of_destruction,
          enter_bailey_2, st_stairs_14
Bailey:   bailey_axe_of_yendor_kennysheep, bailey

Skill      XL: |  1  2  3  4  5  6  7  8  9 10 |
---------------+-------------------------------+-----
Unarmed Combat | 1 2 4 5 8 10 | 10.5
Armour         | 2 3 |  3.9
Invocations    | 6 9 |  9.1
Fighting       | 7 |  7.0
Staves         | |  2.7
Throwing       | |  1.8
Dodging        | |  2.7

Action                   |  1- 3 |  4- 6 |  7- 9 | 10-12 || total
-------------------------+-------+-------+-------+-------++-------
Melee: Quarterstaff      |    96 |   151 |    85 |       ||   332
       Kick              |    18 |    17 |       |       ||    35
       Unarmed           |       |       |   238 |    49 ||   287
Throw: Throwing net      |     2 |     2 |       |       ||     4
       Javelin           |       |     3 |     2 |       ||     5
Invok: Wall of Briars    |       |     2 |     3 |       ||     5
       Grow Ballistomyce |       |       |     2 |     2 ||     4
  Use: Scroll            |       |    14 |     4 |       ||    18
       Potion            |       |     5 |     1 |     1 ||     7
 Stab: Held in net/web   |     2 |     1 |       |       ||     3
       Sleeping          |       |     2 |       |       ||     2
       Confused          |       |       |       |     2 ||     2
Armor: Leather armour    |    27 |    49 |       |       ||    76
       Ring mail         |       |    33 |   138 |     3 ||   174
Dodge: Dodged            |    69 |   121 |   154 |    16 ||   360
Block: Buckler           |       |       |    64 |    10 ||    74

Table legend: (Time is in decaauts)
 A = Elapsed time spent in this place.
 B = Non-inter-level travel time spent in this place.
 C = Inter-level travel time spent in this place.
 D = Time resting spent in this place.
 E = Time spent auto-exploring this place.
 F = Levels seen in this place.
 G = Mean time per level.
                   A        B        C        D        E       F      G
               +--------+--------+--------+--------+--------+-----+--------+
         Total |   7452 |   7205 |    247 |   1142 |   4149 |   9 |  828.0 |
       Dungeon |   7178 |   6931 |    247 |   1127 |   4122 |   8 |  897.2 |
        Bailey |    274 |    274 |      0 |     15 |     27 |   1 |  274.0 |
               +--------+--------+--------+--------+--------+-----+--------+

Top non-repeatable levels by time:
     D:4: 1591 daAuts
     D:5: 1245 daAuts
     D:3: 1161 daAuts
     D:6: 919 daAuts
     D:1: 864 daAuts
     D:7: 597 daAuts
     D:2: 515 daAuts
     D:8: 283 daAuts
  Bailey: 274 daAuts
